 Dungeon Crawl Stone Soup version 0.30.1-11-g7821555f0a (webtiles) character file.

Game seed: 11108634100958834174

72 Peloso the Covered (level 4, 0/40 HPs)
             Began as a Minotaur Fighter on Nov 14, 2023.
             Slain by Sigmund
             ... wielding a +0 scythe
              (8 damage)
             ... on level 2 of the Dungeon.
             The game lasted 00:02:21 (615 turns).

Peloso the Covered (Minotaur Fighter)                Turns: 615, Time: 00:02:22

Health: 0/40       AC:  9    Str: 21    XL:     4   Next: 7%
Magic:  3/3        EV:  9    Int:  5    God:
Gold:   72         SH:  0    Dex: 11    Spells: 3/3 levels left

rFire   . . .        a - +0 long sword
rCold   . . .        c - +0 buckler
rNeg    . . .        b - +0 scale mail
rPois   .            (helmet restricted)
rElec   .            (no cloak)
rCorr   .            (no gloves)
SInv    .            (no boots)
Will    .....        (no amulet) Stlth
                     (no ring)
HPRegen 0.26/turn    (no ring)
MPRegen 0.08/turn

%: no passive effects
@: confused
A: horns 2, retaliatory headbutt, iridescent scales 1, MP-powered wands
a: no special abilities


You were on level 2 of the Dungeon.
You visited 1 branch of the dungeon, and saw 2 of its levels.

You collected 72 gold pieces.

Inventory:

Hand Weapons
 a - a +0 long sword (weapon)
Armour
 b - a +0 scale mail (worn)
 c - a +0 buckler (worn)
Scrolls
 g - a scroll of teleportation {unknown}
Potions
 d - a potion of might
 f - 2 potions of mutation
 h - a potion of curing


   Skills:
 + Level 4.1 Fighting
 + Level 3.8 Long Blades
 + Level 4.3 Armour
 + Level 0.1 Dodging
 + Level 4.2 Shields


You had 3 spell levels left.
You didn't know any spells.
Your spell library was empty.

Dungeon Overview and Level Annotations

Branches:
Dungeon (2/15)

Altars:

Annotations:
D:2 Sigmund


Innate Abilities, Weirdness & Mutations

You have a pair of horns on your head.
You reflexively headbutt those who attack you in melee.
You are partially covered in iridescent scales. (AC +2)
You expend magic power (3 MP) to strengthen your wands.


Message History

A hobgoblin is nearby!
A hobgoblin is nearby!
A hobgoblin is nearby!
The hobgoblin closely misses you. You furiously retaliate!
You headbutt the hobgoblin!
You kill the hobgoblin!
Sigmund is nearby!
Sigmund is nearby!
Sigmund is nearby!
Sigmund shouts!
Sigmund casts a spell.
Sigmund flickers and vanishes!
Deactivating autopickup; reactivate with Ctrl-A.
Something hits you!
You miss something. You headbutt something! You hit something.
Something hits you.
You slash something! Your headbutt misses something. You barely miss something.
Your headbutt misses something. Something hits you!
You closely miss something. Your headbutt misses something.
Something hits you but does no damage.
You hit something but do no damage.
You hear some strange, mumbled words.
Something tries to affect you, but you resist.
You closely miss something.
You hear some strange, mumbled words.
A puff of flame appears from out of thin air!
You block the puff of flame.
You hit something. Something hits you.
You miss something. Something hits you but does no damage.
You miss something. Your headbutt misses something.
You hear some strange, mumbled words.
You are confused.
Something hits you but does no damage. Something hits you.
You closely miss something. You barely miss something.
Your headbutt misses something. Something hits you!
* * * LOW HITPOINT WARNING * * *
You miss something. Something hits you but does no damage. Something hits you!
You die...

.#...# #..#.####
... #.....#
#.#..#... ..#
......###.....###..
.................
#...#.........#####
#..#.........!.....
#.#.............#
#.....{.)).###.#
#####.@)<†.#
#...##### ###.###
..##. .####. ## $.
...###+#... ##
#..........
#..........
#..........


There were no monsters in sight!

Vanquished Creatures
  Robin (D:1)
  An adder (D:2)
  A dart slug (D:1)
  3 ball pythons (D:1)
  3 endoplasms (D:1)
  2 giant cockroaches (D:1)
  12 goblins
  7 hobgoblins
  5 jackals (D:1)
  2 kobolds (D:1)
  2 bats (D:1)
  A frilled lizard (D:1)
  2 rats (D:1)
42 creatures vanquished.

Notes
Turn   | Place    | Note
-------+----------+-------------------------------------------
     0 | D:1      | Peloso the Minotaur Fighter began the quest for the Orb.
     0 | D:1      | Reached XP level 1. HP: 19/19 MP: 0/0
    84 | D:1      | Reached XP level 2. HP: 22/27 MP: 1/1
   352 | D:1      | Reached XP level 3. HP: 33/33 MP: 2/2
   448 | D:1      | Gained mutation: You expend magic power (3 MP) to
                  | strengthen your wands. [potion of mutation]
   448 | D:1      | Gained mutation: You are partially covered in iridescent
                  | scales. (AC +2) [potion of mutation]
   470 | D:2      | Noticed Sigmund
   517 | D:2      | Identified the +0 helmet of the Depths {rPois Dex-4 Stlth+}
   517 | D:2      | Noticed Robin
   534 | D:1      | Killed Robin
   535 | D:1      | Reached XP level 4. HP: 29/40 MP: 3/3
   615 | D:2      | Slain by Sigmund

Illustrated notes

Levels and vault maps discovered:
D:1:      scummos_arrival_hexagon, layout_rooms
D:2:      layout_basic, hangedman_decor_diamond_cutter, uniq_sigmund, uniq_robin

Skill      XL: |  1  2  3 |
---------------+----------+-----
Long Blades    | 3 |  3.8
Fighting       | 4 |  4.1
Armour         | 4 |  4.3
Shields        | 4 |  4.2
Dodging        | |  0.1

Action                     |  1- 3 |  4- 6 || total
---------------------------+-------+-------++-------
  Melee: Long sword        |    91 |    17 ||   108
         Headbutt          |     8 |     1 ||     9
    Use: Scroll            |     1 |       ||     1
         Potion            |     1 |       ||     1
 Armour: Scale mail        |    73 |     6 ||    79
  Dodge: Dodged            |    52 |     2 ||    54
  Block: Buckler           |    30 |     3 ||    33
